 Dungeon Crawl Stone Soup version 0.31-a0-819-gf6de2f5ab6 (webtiles) character file.

Game seed: 15638309663674636288

5 Kurtz the Shield-Bearer (level 1, -2/16 HPs)
             Began as an Octopode Fighter on Sept 25, 2023.
             Succumbed to a kobold's poison
             ... on level 1 of the Dungeon.
             The game lasted 00:00:08 (328 turns).

Kurtz the Shield-Bearer (Octopode Fighter)           Turns: 328, Time: 00:00:09

Health: -2/16      AC:  1    Str: 15    XL:     1   Next: 80%
Magic:  1/1        EV: 13    Int: 10    God:
Gold:   35         SH:  4    Dex: 11    Spells: 0/0 levels left

rFire   . . .        a - +0 war axe
rCold   . . .        b - +0 buckler
rNeg    . . .        (helmet restricted)
rPois   .            (no amulet)
rElec   .            (no ring)
rCorr   .            (no ring)
SInv    .            (no ring)
Will    .....        (no ring)
Stlth   ++           (no ring)
HPRegen 0.22/turn    (no ring)
MPRegen 0.07/turn    (no ring)
                     (no ring)

%: no passive effects
@: lethally poisoned (-2 -> -9)
A: almost no armour, amphibious, 8 rings, camouflage 1, gelatinous body 1,
(nimble swimmer 1), tentacles
a: no special abilities


You were on level 1 of the Dungeon.
You visited 1 branch of the dungeon, and saw 1 of its levels.

You collected 35 gold pieces.

Inventory:

Hand Weapons
 a - a +0 war axe (weapon)
Armour
 b - a +0 buckler (worn)
Scrolls
 d - a scroll of identify {unknown}
 e - a scroll of blinking {unknown}
 f - 2 scrolls of amnesia {unknown}
 g - a scroll of enchant armour {unknown}
Potions
 c - a potion of might
 h - a potion of berserk rage {unknown}


   Skills:
 - Level 3.0 Fighting
 * Level 2.5 Axes
 - Level 3.0 Dodging
 - Level 3.0 Shields


You couldn't memorise any spells.
You didn't know any spells.
Your spell library contained the following spells:

 Spells                   Type           Power      Damage    Failure   Level
 Sandblast                Erth           0%         2d4       45%         1
 Passwall                 Tmut/Erth      0%         N/A       58%         2
 Stone Arrow              Conj/Erth      0%         3d7       83%         3
 Brom's Barrelling Bould  Conj/Erth      0%         2d3       99%         4


Dungeon Overview and Level Annotations

Branches:
Dungeon (1/15)

Altars:


Innate Abilities, Weirdness & Mutations

You cannot wear most types of armour.
You are amphibious.
You can wear up to eight rings at the same time.
Your skin changes colour to match your surroundings (Stealth+).
Your rubbery body absorbs attacks. (AC +1, EV +1)
((You are camouflaged when in or above water. (Stealth+)))
You have tentacles for arms and can constrict up to eight enemies at once.


Message History

Unknown command.
No target in view!
No target in view!
You now have 17 gold pieces (gained 13).
You open the door.
There is an open door here.
You now have 35 gold pieces (gained 18).
Found a stone staircase leading down.
No target in view!
A kobold comes into view. It is wielding a +3 dagger of venom.
A kobold is nearby!
The kobold shouts!
There is a stone staircase leading down here.
A kobold is nearby!
Unknown command.
A kobold is nearby!
You hit the kobold but do no damage. Your grab misses the kobold.
The kobold hits you with a +3 dagger of venom.
A kobold is nearby!
You hit the kobold. Your grab misses the kobold.
Your squeeze misses the kobold.
The kobold is heavily wounded.
The kobold hits you with a +3 dagger of venom.
You are lethally poisoned!
You block the kobold's attack.
You barely miss the kobold. You grab the kobold.
Your squeeze misses the kobold.
The kobold is heavily wounded.
You constrict the kobold, but do no damage.
You feel very sick.
The kobold hits you with a +3 dagger of venom.
* * * LOW HITPOINT WARNING * * *
You are too injured to fight recklessly!
There is a lethal amount of poison in your body!
You are too injured to fight recklessly!
There is a lethal amount of poison in your body!
You are too injured to fight recklessly!
You hit the kobold.
You kill the kobold!
You die...

#.# #.# #.# #.#
######.######
#...........###
#.####.##.....# #
#...#.#.#.####...#
.......#..>@)......
..#...#.###.####...#
....##.##.....# #
... #.######## ..
#.#


There were no monsters in sight!

Vanquished Creatures
  An endoplasm (D:1)
  A kobold (D:1)
  2 quokkas (D:1)
  A bat (D:1)
  A frilled lizard (D:1)
6 creatures vanquished.

Notes
Turn   | Place    | Note
-------+----------+-------------------------------------------
     0 | D:1      | Kurtz the Octopode Fighter began the quest for the Orb.
     0 | D:1      | Reached XP level 1. HP: 16/16 MP: 1/1
   129 | D:1      | Found a faded altar of an unknown god.
   328 | D:1      | Succumbed to a kobold's poison

Illustrated notes

Levels and vault maps discovered:
D:1:      ncdulo_smallfort, layout_loops_corners,
          dreamdust_ecumenical_altar_hidden_monk_grotto,
          minmay_misc_feat_four_crosses, corexii_corridor_pit,
          serial_park_tiny_pond, dk_noncrumbling_2

Action                     || total
---------------------------++-------
  Melee: War axe           ||    13
         Constrict         ||     3
         Tentacles         ||     1
   Stab: Sleeping          ||     1
 Armour: Skin              ||     4
  Dodge: Dodged            ||     4
  Block: Buckler           ||     1

Table legend: (Time is in decaauts)
 A = Elapsed time spent in this place.
 B = Non-inter-level travel time spent in this place.
 C = Inter-level travel time spent in this place.
 D = Time resting spent in this place.
 E = Time spent auto-exploring this place.
 F = Levels seen in this place.
 G = Mean time per level.
                   A        B        C        D        E       F      G
               +--------+--------+--------+--------+--------+-----+--------+
         Total |    333 |    333 |      0 |      0 |    289 |   1 |  333.0 |
       Dungeon |    333 |    333 |      0 |      0 |    289 |   1 |  333.0 |
               +--------+--------+--------+--------+--------+-----+--------+

Top non-repeatable levels by time:
     D:1: 333 daAuts
